 Dungeon Crawl Stone Soup version 0.24.1-14-gf8d2b509d9 (webtiles) character file.

Game seed: 3375119484319010035, levelgen mode: deterministic

424 Hugehornet the Covert (level 6, -6/36 HPs)
             Began as an Octopode Enchanter on May 20, 2020.
             Killed from afar by an orc wizard (7 damage)
             ... with a magic dart
             ... on level 4 of the Dungeon.
             The game lasted 00:06:30 (3955 turns).

Hugehornet the Covert (Octopode Enchanter)          Turns: 3955, Time: 00:06:32

Health: -6/36      AC:  1    Str:  7    XL:     6   Next: 96%
Magic:  9/9        EV: 13    Int: 20    God:
Gold:   247        SH:  0    Dex: 12    Spells: 0/9 levels left

rFire    . . .     SeeInvis .   d - +3 short sword
rCold    . . .     Gourm    .   (no shield)
rNeg     . . .     Faith    .   (helmet restricted)
rPois    .         Spirit   .   (no amulet)
rElec    .         Reflect  .   (no ring)
rCorr    .         Harm     .   (no ring)
MR       .....                  (no ring)
Stlth    +++++.....             (no ring)
HPRegen  0.12/turn              (no ring)
MPRegen  0.11/turn              (no ring)
                                (no ring)
                                (no ring)

@: lethally poisoned (-6 -> -16), flying, very slightly contaminated, lightly
drained
A: almost no armour, stealthy swim, amphibious, 8 rings, constrict 8, camouflage
1, gelatinous body 1
a: no special abilities


You were on level 4 of the Dungeon.
You were not hungry.

You visited 1 branch of the dungeon, and saw 4 of its levels.

You collected 247 gold pieces.

Inventory:

Hand Weapons
 a - a +1 dagger
 d - a +3 short sword (weapon)
 r - a +0 dagger of draining
Armour
 b - a +0 buckler
Jewellery
 h - an uncursed amulet of harm
Scrolls
 e - a scroll of immolation {unknown}
 f - a scroll of magic mapping {unknown}
 i - 2 scrolls of remove curse {unknown}
 m - a scroll of identify
 n - a scroll of teleportation {unknown}
 p - a scroll of blinking {unknown}
 q - a scroll of enchant weapon {unknown}
Potions
 j - a potion of agility
 l - a potion of flight
 o - a potion of cancellation {unknown}
Comestibles
 c - 5 rations


   Skills:
 + Level 3.5(3.2) Short Blades
 - Level 2.0(1.6) Dodging
 * Level 8.4(8.0) Stealth
 + Level 2.2(1.8) Spellcasting
 * Level 3.6(3.2) Hexes
 - Level 1.3(0.9) Ice Magic


You couldn't memorise any spells.
You knew the following spells:

 Your Spells              Type           Power        Failure   Level  Hunger
a - Ensorcelled Hibernat  Hex/Ice        ##....       10%         2    ###....
b - Corona                Hex            ##.....      4%          1    #......
c - Confuse               Hex            ##......     13%         3    ###....
d - Tukima's Dance        Hex            ##......     13%         3    ###....

Your spell library contained the following spells:

 Spells                   Type           Power        Failure   Level  Hunger
 Dazzling Spray           Conj/Hex       #.....       24%         3    ###....


Dungeon Overview and Level Annotations

Branches:
Dungeon (4/15)
 Temple: D:4-7

Altars:
Dithmenos
Hepliaklqana
Okawaru
Qazlal
Yredelemnul
Zin

Annotations:
D:3 1 runed translucent door


Innate Abilities, Weirdness & Mutations

You cannot wear most types of armour.
You are very stealthy in the water. (Stealth+)
You are amphibious.
You can wear up to eight rings at the same time.
You can use your tentacles to constrict eight enemies at once.
Your skin changes colour to match your surroundings (Stealth+).
Your rubbery body absorbs attacks. (AC +1, EV +1)


Message History

You miscast Ensorcelled Hibernation.
You are very lightly contaminated with residual magic.
Frost covers your body. Something hits you.
* * * LOW HITPOINT WARNING * * *
You are lethally poisoned!
Okay, then.
It was a potion of flight.
You feel very buoyant.
You fly up into the air.
* * * LOW HITPOINT WARNING * * *
You feel sick. Something hits you.
* * * LOW HITPOINT WARNING * * *
You are more poisoned.
It was a potion of magic.
Magic courses through your body.
* * * LOW HITPOINT WARNING * * *
You feel sick.
You hear some strange, mumbled words.
A magic dart appears from out of thin air!
The magic dart hits you!
You die...

.......(........#
######..♣.♣.♣.♣.#
#....._.†..#
#..♣.♣.♣.♣.#
#..).......#
#..#.♣.♣.#.############
#..........##.........#
#...####...##$.........
##### #..[@)o.........
######..........
#######.... ).. #


You could see an orc.

Vanquished Creatures
  A centaur (D:2)
  Blork the orc (D:4)
  2 orc wizards
  An orc priest (D:3)
  Terence (D:2)
  A worker ant (D:4)
  2 adders (D:2)
  2 gnolls (D:1)
  A worm (D:2)
  3 dart slugs
  A leopard gecko (D:2)
  14 orcs
  3 ball pythons
  7 bats
  A giant cockroach (D:3)
  7 goblins
  7 hobgoblins
  5 jackals
  9 kobolds
  2 quokkas
  3 frilled lizards (D:2)
  6 rats
80 creatures vanquished.

Notes
Turn   | Place    | Note
-------+----------+-------------------------------------------
     0 | D:1      | Hugehornet the Octopode Enchanter began the quest for the
                  | Orb.
     0 | D:1      | Reached XP level 1. HP: 11/11 MP: 3/3
   246 | D:1      | Reached XP level 2. HP: 11/17 MP: 5/5
   671 | D:1      | Reached skill level 5 in Stealth
   791 | D:1      | Reached XP level 3. HP: 21/21 MP: 6/6
  1320 | D:2      | Found a shadowy altar of Dithmenos.
  1551 | D:2      | Noticed a centaur
  1565 | D:2      | Killed a centaur
  1565 | D:2      | Reached skill level 6 in Stealth
  1565 | D:2      | Reached XP level 4. HP: 11/27 MP: 7/7
  1565 | D:2      | Reached XP level 5. HP: 13/31 MP: 8/8
  1872 | D:2      | Reached skill level 7 in Stealth
  2015 | D:2      | Found a basalt altar of Yredelemnul.
  2015 | D:2      | Found a hazy altar of Hepliaklqana.
  2015 | D:2      | Found a stormy altar of Qazlal.
  2500 | D:2      | Noticed Terence
  2508 | D:2      | Killed Terence
  2631 | D:3      | Found a glowing silver altar of Zin.
  2632 | D:3      | Found a runed translucent door.
  2632 | D:3      | Noticed an angel
  2660 | D:3      | Reached XP level 6. HP: 22/36 MP: 9/9
  2783 | D:3      | Reached skill level 8 in Stealth
  2823 | D:3      | Learned a level 2 spell: Ensorcelled Hibernation
  2827 | D:3      | Learned a level 3 spell: Confuse
  2831 | D:3      | Learned a level 3 spell: Tukima's Dance
  3872 | D:4      | Noticed Blork the orc
  3873 | D:4      | Found an iron altar of Okawaru.
  3885 | D:4      | Killed Blork the orc
  3885 | D:4      | Reached skill level 1 in Ice Magic
  3955 | D:4      | HP: 1/36 [poisoned by an orc wizard]
  3955 | D:4      | Killed from afar by an orc wizard

Levels and vault maps discovered:
D:1:      minmay_arrival_open_corners, layout_loops_cross, minmay_door_square,
          hangedman_decor_diamond_cutter
D:2:      layout_loops_corners, chequers_temple_overflow_statue_of_worship,
          old_standard_altar, first_ration, kennysheep_generic_room_2,
          uniq_terence
D:3:      layout_basic, lemuel_angel_altar
D:4:      layout_basic, okawaru_trees_1, uniq_blork_the_orc

Skill      XL: |  1  2  3  4  5  6 |
---------------+-------------------+-----
Stealth        | 5 6 7 8 |  8.4
Short Blades   | 2 3 |  3.5
Ice Magic      | 1 |  1.3
Dodging        | |  2.0
Spellcasting   | |  2.2
Hexes          | |  3.6

Action                   |  1- 3 |  4- 6 || total
-------------------------+-------+-------++-------
Melee: Dagger            |    22 |       ||    22
       Constrict         |     8 |    30 ||    38
       Tentacles         |     4 |    17 ||    21
       Short sword       |    28 |   124 ||   152
  Use: Scroll            |     2 |     1 ||     3
       Potion            |     1 |     5 ||     6
 Stab: Sleeping          |    11 |    14 ||    25
       Distracted        |       |     1 ||     1
  Eat: Chunk             |     1 |     5 ||     6
       Ration            |       |     1 ||     1
Armor: Skin              |    12 |     7 ||    19
Dodge: Dodged            |    37 |    70 ||   107
